 Dungeon Crawl Stone Soup version 0.13.0-39-g024a69c (webtiles) character file.

1985 Onato123 the Carver (level 8, -6/69 HPs)
             Began as a Minotaur Berserker on Nov 17, 2013.
             Was an Elder of Trog.
             Shot with an arrow by a centaur (9 damage)
             ... on Level 5 of the Dungeon.
             The game lasted 00:16:26 (4411 turns).

Onato123 the Carver (Minotaur Berserker)            Turns: 4411, Time: 00:16:26

HP  -6/69        AC 13     Str 25      XL: 8   Next: 95%
MP   2/2         EV 10     Int  6      God: Trog [****..]
Gold 69          SH  0     Dex 10      Spells:  0 memorised,  7 levels left

Res.Fire  : . . .   See Invis. : .   w - +0 falchion
Res.Cold  : . . .   Warding    : .   y - +0 ring mail
Life Prot.: . . .   Conserve   : .   (no shield)
Res.Poison: .       Res.Corr.  : .   (helmet restricted)
Res.Elec. : .       Clarity    : .   z - +2 cloak {darkness}
Sust.Abil.: . .     Spirit.Shd : .   A - +1 pair of dwarf gloves {Str+3}
Res.Mut.  : .       Stasis     : .   (no boots)
Res.Rott. : .       Flight     : .   (no amulet)
Saprovore : . . .                    (no ring)
                                     q - ring of protection from magic {unknown}

@: quite resistant to hostile enchantments, extremely unstealthy
A: retaliatory headbutt, horns 2
a: Burn Spellbooks, Berserk, Trog's Hand, Brothers in Arms, Renounce Religion,
Evoke Invisibility


You were on level 5 of the Dungeon.
You worshipped Trog.
Trog was greatly pleased with you.
You were not hungry.

You visited 1 branch of the dungeon, and saw 5 of its levels.

You collected 207 gold pieces.
You spent 158 gold pieces at shops.

Inventory:

Hand weapons
 w - a +0,+0 falchion (weapon)
Armour
 y - a +0 ring mail (worn)
 z - a +2 cloak of darkness (worn)
 A - a +1 pair of dwarven gloves of strength (worn)
 B - a +0 ice dragon hide
Magical devices
 p - a wand of cold (14) {unknown}
Comestibles
 c - 3 bread rations
 f - 2 pears
 r - 2 meat rations
 C - a honeycomb
 E - 2 chunks of giant frog flesh
Scrolls
 b - a scroll of noise {unknown}
 d - 3 scrolls of teleportation {unknown}
 e - 2 scrolls of curse armour {unknown}
 h - a scroll of amnesia {unknown}
 i - a scroll of enchant weapon I {unknown}
 j - a scroll of enchant armour {unknown}
 l - a scroll of blinking {unknown}
 n - 4 scrolls of remove curse {unknown}
 s - a scroll of identify {unknown}
 t - a scroll of recharging {unknown}
 v - 2 scrolls of random uselessness {unknown}
 D - a scroll of enchant weapon II {unknown}
Jewellery
 q - a ring of protection from magic (left hand) {unknown}
Potions
 a - a potion of invisibility {unknown}
 g - a potion of magic {unknown}
 k - a potion of heal wounds
 m - a potion of mutation {unknown}
 o - 2 potions of speed {unknown}
 u - 3 potions of curing
 x - 2 potions of brilliance {unknown}


   Skills:
 * Level 6.7 Fighting
 - Level 9.5 Long Blades
 - Level 9.5 Armour
 - Level 2.2 Dodging


You had 7 spell levels left.
You didn't know any spells.

Dungeon Overview and Level Annotations

Branches:
Dungeon (5/27)
 Temple: D:4-7

Altars:
Trog

Shops:
D:4 [*![


Innate Abilities, Weirdness & Mutations

You reflexively headbutt those who attack you in melee.
You have a pair of horns on your head.


Message History

You hit the black bear zombie. You headbutt the black bear zombie.
The black bear zombie bites you.
The black bear zombie claws you but does no damage.
You slash the black bear zombie!
You destroy the black bear zombie!
A centaur comes into view.
The centaur wields a bow.
The centaur shoots an arrow.
The arrow misses you.
You see here an arrow.
The centaur shoots an arrow.
The arrow hits you!
* * * LOW HITPOINT WARNING * * *
You see here 2 arrows.
* * * LOW HITPOINT WARNING * * *
You feel sick.
You feel better.
The centaur shoots an arrow.
The arrow hits you!
* * * LOW HITPOINT WARNING * * *
You see here an arrow.
The centaur shoots an arrow.
The arrow misses you.
The centaur shoots an arrow.
The arrow hits you!
You die...

# ##.....####.#
#........... # #.....# #.#
#........... # #.....# #.#
##........... # #######
#.#.##........... #
##########.#.##...........
#
#......)....(########'###.
# #........(...# #.# #. #
#........(...# #.# #. #
#........@...########.# #.
#.........[..##.....#.# #.
#............##.....#.# #.
######..c............# #.
#.............### #.
#.............# #.
#........>....# #.
.###.####.....# ## .
#.....###


You could see a centaur.

Vanquished Creatures
  Pikel (D:4)
  Grinder (D:4)
  Edmund (D:4)
  A sky beast (D:5)
  3 ogres (D:4)
  2 phantoms
  2 centaurs (D:5)
  A giant frog (D:5)
  A crimson imp (D:5)
  A black bear zombie (D:5)
  A centaur skeleton (D:5)
  4 worker ants
  3 gnolls (D:3)
  5 adders
  3 worms
  2 giant geckos (D:1)
  3 oozes
  5 orcs
  A ball python (D:3)
  5 giant cockroaches
  9 goblins
  10 hobgoblins
  12 jackals
  5 kobolds
  11 bats
  5 giant newts
  A quokka (D:5)
  9 rats
108 creatures vanquished.

Vanquished Creatures (others)
  A bat (D:4)
1 creature vanquished.

Grand Total: 109 creatures vanquished

Notes
Turn   | Place    | Note
--------------------------------------------------------------
     0 | D:1      | Onato123, the Minotaur Berserker, began the quest for the Orb.
     0 | D:1      | Reached XP level 1. HP: 19/19 MP: 0/0
   167 | D:1      | Reached XP level 2. HP: 13/26 MP: 0/0
   168 | D:1      | Reached skill level 4 in Long Blades
   853 | D:1      | Acquired Trog's second power
   877 | D:1      | Reached XP level 3. HP: 29/33 MP: 1/1
  1058 | D:2      | Reached skill level 5 in Long Blades
  1862 | D:3      | Reached XP level 4. HP: 39/39 MP: 1/1
  1910 | D:3      | Reached skill level 6 in Long Blades
  2207 | D:3      | Found a bloodstained altar of Trog.
  2253 | D:3      | Reached XP level 5. HP: 28/46 MP: 1/1
  2831 | D:4      | Noticed Grinder
  2842 | D:4      | Killed Grinder
  2842 | D:4      | Reached skill level 8 in Long Blades
  2842 | D:4      | Reached XP level 6. HP: 47/52 MP: 2/2
  2995 | D:4      | Found Xegreene's Distillery.
  3014 | D:4      | Bought a potion of curing for 28 gold pieces
  3014 | D:4      | Bought a potion of heal wounds for 42 gold pieces
  3014 | D:4      | Bought a potion of paralysis for 14 gold pieces
  3014 | D:4      | Bought a potion of poison for 14 gold pieces
  3033 | D:4      | Noticed Edmund
  3053 | D:4      | Killed Edmund
  3053 | D:4      | Reached skill level 9 in Long Blades
  3053 | D:4      | Reached XP level 7. HP: 34/59 MP: 2/2
  3071 | D:4      | Found Psesuadgh's General Store.
  3329 | D:4      | Found Yntelel's Antique Armour Boutique.
  3335 | D:4      | Bought a glowing cloak for 25 gold pieces
  3335 | D:4      | Bought a pair of runed dwarven gloves for 35 gold pieces
  3453 | D:4      | Found Minai's Armour Boutique.
  3629 | D:4      | Noticed an ogre
  3636 | D:4      | Killed an ogre
  3636 | D:4      | Reached skill level 5 in Armour
  3658 | D:4      | Noticed a slave
  3658 | D:4      | Noticed a slave
  3659 | D:4      | Noticed Pikel
  3659 | D:4      | Noticed a slave
  3659 | D:4      | Noticed an ogre
  3680 | D:4      | Killed Pikel
  3680 | D:4      | Reached XP level 8. HP: 45/66 MP: 2/2
  3689 | D:4      | Killed an ogre
  3694 | D:4      | Noticed a freed slave
  3916 | D:4      | Noticed a phantom
  3932 | D:4      | Killed a phantom
  4100 | D:5      | Entered Level 5 of the Dungeon
  4273 | D:5      | Reached skill level 5 in Fighting
  4385 | D:5      | Acquired Trog's third power
  4410 | D:5      | HP: 3/69 [centaur/arrow (13)]
  4411 | D:5      | Shot with an arrow by a centaur

Action                   |  1- 3 |  4- 6 |  7- 9 || total
-------------------------+-------+-------+-------++-------
Melee: Falchion          |    95 |   118 |   143 ||   356
Invok: Berserk           |       |     1 |     2 ||     3
       Burn Spellbooks   |       |       |     1 ||     1
  Use: Potion            |       |       |     1 ||     1
